cohdb
Replays
Latest Replays
All Replays
Popular Replays
Top Player Replays
Match Explorer
How It Works
Community
CoH3 Stats
Reddit
Sign in to upload your games and track your stats! →
Sign in with Steam
Match 46559641
Unlisted
Match 46559641
Overview
Messages
Build Orders
End
Engineer Squad
Construct Barracks
1⁄4-ton 4x4 Truck
Selects Armored Battlegroup
Selects Veteran Crews
Riflemen Squad
Riflemen Squad
Grenade Package
Riflemen Squad
Air Support Center
M1 Mortar Team
Construct Medical Station
P-47 Strafing Run
Construct Motor Pool
M24 Chaffee Light Tank
XuZhongwei
3+++
가드
고베
0
0
Comments
sign in to comment!
No comments posted yet!